 Dungeon Crawl Stone Soup version 0.22.1-1-ga44c0e5 (webtiles) character file.

322155 Fang the Executioner (level 21, -23/149 HPs)
             Began as a Gargoyle Berserker on Oct 5, 2018.
             Was the Champion of Trog.
             Annihilated by a white very ugly thing (43 damage)
             ... on level 3 of the Abyss on Oct 8, 2018.
             The game lasted 01:35:04 (45903 turns).

Fang the Executioner (Gargoyle Berserker)          Turns: 45903, Time: 01:35:04

Health: -23/149    AC: 53    Str: 32 (33) XL:     21   Next: 54%
Magic:  0/21       EV: 13    Int:  5 (7)  God:    Trog [******]
Gold:   1652       SH:  0    Dex: 11 (12) Spells: 20/20 levels left

rFire    + . .     SeeInvis +   Y - +5 battleaxe of Causality {speed, +Rage rPois rC- MR+}
rCold    x . .     Gourm    .   (shield currently unavailable)
rNeg     + . .     Faith    .   G - +4 plate armour {rC+}
rPois    ∞         Spirit   +   y - +2 helmet
rElec    +         Reflect  .   T - +2 cloak of the Thief {+Fog Slay-2 SInv Stlth+}
rCorr    .         Harm     .   F - +2 pair of gloves
MR       ++...                  U - +2 pair of boots
Stlth    ..........             E - amulet of guardian spirit
HPRegen  0.34/turn              u - ring of the Briny Deep {Fire Str+3 Dex+3 SInv}
MPRegen  0.17/turn              w - ring of see invisible

@: flying
A: big wings, repulsion field 1, deterioration 2, [dopey 1], mutation resistance
1, negative energy resistance 1, electricity resistance, unbreathing,
petrification resistance, rot immunity, AC +16
}: 2/15 runes: serpentine, barnacled
a: Stop Flying, Berserk, Trog's Hand, Brothers in Arms, Renounce Religion, Evoke
Fog, Evoke Berserk Rage


You were on level 3 of the Abyss.
You worshipped Trog.
Trog was exalted by your worship.
You were not hungry.

You visited 8 branches of the dungeon, and saw 36 of its levels.
You visited the Abyss 1 time.
You also visited: Ossuary.

You collected 3159 gold pieces.
You spent 1507 gold pieces at shops.

Inventory:

Hand Weapons
 a - a +1 battleaxe of freezing
 e - the +5 hand axe of Qazlal's Favour {freeze, MR+}
   (You found it on level 8 of the Dungeon)

   It has been specially enchanted to freeze those struck by it, causing extra
   injury to most foes and up to half again as much damage against particularly
   susceptible opponents.
   It can also slow down cold-blooded creatures.
   It affects your resistance to hostile enchantments.
 j - a +5 antimagic battleaxe
 l - the +3 broad axe "Houp" {chop, rPois Dex+3}
   (Trog gifted it to you on level 8 of the Dungeon)

   It inflicts extra damage upon your enemies.
   It affects your dexterity (+3).
   It protects you from poison.
 s - a +8 war axe
 t - a +3 antimagic executioner's axe
 M - the +0 executioner's axe of Aclaargh {drain, +Rage rF- Str+3}
   (You acquired it on level 14 of the Dungeon)

   A truly terrible weapon, it drains the life of those it strikes.
   It affects your strength (+3).
   It makes you vulnerable to fire.
   It lets you go berserk.
 Q - a +6 executioner's axe of chopping
 Y - the +5 battleaxe of Causality (weapon) {speed, +Rage rPois rC- MR+}
   (You acquired it on level 2 of the Elven Halls)

   Attacks with this weapon are significantly faster.
   It makes you vulnerable to cold.
   It protects you from poison.
   It affects your resistance to hostile enchantments.
   It lets you go berserk.
Armour
 y - a +2 helmet (worn)
 F - a +2 pair of gloves (worn)
 G - a +4 plate armour of cold resistance (worn)
 T - the +2 cloak of the Thief (worn) {+Fog Slay-2 SInv Stlth+}
   (You bought it in a shop on level 4 of the Snake Pit)

   It affects your accuracy and damage with ranged weapons and melee attacks
   (-2).
   It lets you see invisible.
   It makes you more stealthy.
 U - a +2 pair of boots (worn)
Jewellery
 u - the ring of the Briny Deep (left hand) {Fire Str+3 Dex+3 SInv}
   (You bought it in a shop on level 12 of the Dungeon)

   [ring of fire]

   It enhances your fire magic.
   It affects your strength (+3).
   It affects your dexterity (+3).
   It protects you from fire.
   It makes you vulnerable to cold.
   It lets you see invisible.
 w - a ring of see invisible (right hand)
 E - an amulet of guardian spirit (around neck)
Wands
 n - a wand of acid (17)
 v - a wand of paralysis (26)
 x - a wand of random effects (117)
 C - a wand of polymorph (49)
 D - a wand of flame (58)
 L - a wand of iceblast (17)
 N - a wand of clouds (11)
Scrolls
 f - 13 scrolls of teleportation
 g - 6 scrolls of fear
 k - 10 scrolls of identify
 m - 23 scrolls of remove curse
 o - 7 scrolls of magic mapping
 q - a scroll of enchant weapon
 I - 3 scrolls of fog
 V - a scroll of blinking
Potions
 b - 4 potions of ambrosia
 d - 8 potions of haste
 h - 3 potions of lignification
 i - 3 potions of berserk rage
 p - 8 potions of might
 r - 2 potions of invisibility
 z - 5 potions of cancellation
 A - 3 potions of magic
 B - 5 potions of curing
 H - 2 potions of resistance
 K - 3 potions of agility
 P - a potion of brilliance
Comestibles
 c - 32 rations


   Skills:
 + Level 21.5 Fighting
 + Level 22.1 Axes
 + Level 18.0 Armour
 + Level 6.0 Dodging
 + Level 4.5 Stealth


You had 20 spell levels left.
You didn't know any spells.
Your spell library was empty.

Dungeon Overview and Level Annotations

Branches:
Dungeon (15/15)            Temple (1/1) D:7            Lair (6/6) D:9
 Shoals (4/4) Lair:3        Snake (4/4) Lair:4        Slime (0/5) Lair:5
    Orc (2/2) D:12            Elf (3/3) Orc:2        Vaults (0/5) D:13
 Depths (1/5) D:15

Altars:
Cheibriados
Gozag
Hepliaklqana
Makhleb
Nemelex Xobeh
Okawaru
Sif Muna
Vehumet
Wu Jian
Xom
Yredelemnul
Zin
The Shining One

Shops:
D:4 (   D:12 =   Orc:2 [*(:   Elf:1 [   Elf:3 (}:   Snake:2 *((=   Snake:4 [

Portals:
Hell: Depths:1
Abyss: Depths:1
Pandemonium: Depths:1

Annotations:
Lair:1 1 runed door, CowFu's ghost, journeyman TeFi
Elf:2 3 runed doors


Innate Abilities, Weirdness & Mutations

You are resistant to torment.
Your stone body is resilient. (AC +16)
You are immune to poison.
Your large and strong wings let you fly indefinitely.
You resist negative energy. (rN+)
You are resistant to electric shocks. (rElec)
You can survive without breathing.
You are immune to petrification.
You are immune to rotting.
You are surrounded by a mild repulsion field. (EV +2)
Your body often deteriorates upon taking damage.
You are somewhat resistant to further mutation.
[You are dopey. (Int -2)]


Message History

Unknown command.
You closely miss the raiju. You hit the raiju but do no damage.
You hit the white very ugly thing but do no damage.
The white very ugly thing pecks you but does no damage.
You slice the raiju!!
The raiju is heavily wounded.
You slash the white very ugly thing! You slice the raiju!!
The raiju bursts into living lightning!
The living lightning hits you! x2; The living lightning misses the raiju.
The raiju blinks! x4; The raiju closely misses you.
Unknown command.
You closely miss the raiju.
The raiju is severely wounded.
You barely miss the white very ugly thing.
You slash the raiju! You closely miss the raiju. x2
The white very ugly thing pecks you!
* * * LOW HITPOINT WARNING * * *
The white very ugly thing freezes you!!!
You feel a terrible chill!
You die...

#.# .# .#
##.###.#.# ...
..##..#..#..
...## .#.#...#..
....# # #.
..#.##.# #..... .
### #..#....
...... #.....#..
...##..#... ##.
..#....##hh.§....
# . .
#.##..u@h#.. .
..>.#.u#h## ..
##.#..#.Xu..... #
#.###.#...#..h
.##..#.#..# ..#
.. ##...##.. # .
.. #######. #
#... . #. . # ..


You could see 3 very ugly things, a large abomination and 4 raiju.

Vanquished Creatures
  Vashnia (Snake:3)
  Nikola (Snake:3)
  A lich (Depths:1)
  Rupert (D:12)
  A deep elf master archer (Elf:3)
  2 deep elf blademasters (Elf:3)
  Polyphemus (Shoals:3)
  2 tentacled starspawn (Abyss:3)
  A kraken (Shoals:4)
  Ilsuiw (Shoals:3)
  12 nagarajas
  A daeva (Abyss:3)
  10 deep elf sorcerers
  2 frost giants
  2 deep elf elementalists
  A draconian shifter (Abyss:3)
  3 stone giants (Depths:1)
  A draconian annihilator (Abyss:3)
  5 very ugly things
  2 deep elf demonologists (Elf:3)
  5 starcursed masses (Abyss:3)
  A lorocyproca (Abyss:3)
  4 deep elf annihilators
  6 merfolk javelineers
  Snorg (D:13)
  A deep elf death mage (Elf:3)
  11 merfolk impalers
  A deep elf high priest (Elf:3)
  A fire dragon (Depths:1)
  An ice dragon (Depths:1)
  2 rakshasas (Depths:1)
  Fannar (Lair:3)
  A hydra (Lair:5)
  7 centaur warriors
  3 catoblepae
  26 naga warriors
  6 merfolk avatars
  3 merfolk aquamancers
  A satyr (Shoals:3)
  Erica (D:9)
  An ogre mage (Depths:1)
  14 dancing weapons
  6 anacondas
  2 death yaks (Shoals:3)
  A deep troll shaman (Depths:1)
  2 deep troll earth magi (Depths:1)
  8 two-headed ogres
  4 tengu warriors
  5 thrashing horrors (Abyss:3)
  34 naga sharpshooters
  4 orc high priests (Orc:2)
  7 shock serpents
  11 deep elf knights
  A shadow wraith (Abyss:3)
  3 skeletal warriors (D:13)
  4 wretched stars (Abyss:3)
  2 deep trolls (Depths:1)
  14 sea snakes
  A glowing orange brain (Abyss:3)
  4 salamander mystics
  A sixfirhy (Abyss:3)
  A spatial maelstrom (Abyss:3)
  An unseen horror (Abyss:3)
  A kraken simulacrum (Shoals:4)
  8 deep elf archers
  2 wizards
  33 harpies
  53 deep elf magi
  A lindwurm (Lair:6)
  11 naga ritualists
  7 ugly things
  19 mana vipers
  6 cyclopes
  2 orc knights
  6 fauns
  2 orc sorcerers (Orc:2)
  24 manticores
  3 elephants (Lair:6)
  2 centaur zombies
  2 worldbinders (Abyss:3)
  Joseph (D:9)
  4 merfolk sirens
  35 black mambas
  7 salamanders
  5 water nymphs
  13 naga magi
  An apocalypse crab (Abyss:3)
  A molten gargoyle (Depths:1)
  5 orange demons (Elf:3)
  A frost giant skeleton (Abyss:3)
  7 guardian serpents
  3 centaur skeletons
  A spiny frog (shapeshifter) (Elf:2)
  7 smoke demons
  9 spiny frogs
  3 efreet
  2 rime drakes (Lair:6)
  15 large abominations (Abyss:3)
  3 komodo dragons
  A demonic crawler (Abyss:3)
  A hellion (Abyss:3)
  A yaktaur (D:15)
  A tengu conjurer (Elf:1)
  6 ancient zymes (Abyss:3)
  28 merfolk
  2 trolls
  3 polar bears (Lair:6)
  3 hornets
  Grinder (D:6)
  5 wind drakes
  14 slime creatures
  7 hippogriffs
  11 snapping turtles
  12 raiju (Abyss:3)
  18 blink frogs
  7 dream sheep
  A wraith (D:14)
  2 shadows
  5 wyverns
  28 yaks
  18 water elementals
  2 air elementals (Elf:3)
  7 ynoxinuls (Abyss:3)
  Eustachio (D:5)
  2 chaos spawn (Abyss:3)
  Grum (D:9)
  4 basilisks
  16 humans (D:13)
  A hungry ghost (D:12)
  A fire elemental (Elf:2)
  A steam dragon (D:12)
  A neqoxec (Abyss:3)
  2 vampire mosquitoes (D:15)
  2 spatial vortices (Abyss:3)
  3 wargs
  69 nagas
  A soldier ant (D:12)
  14 water moccasins
  An acid dragon (D:11)
  3 hell hounds (Depths:1)
  7 porcupines
  19 orc warriors
  4 sky beasts
  2 ice beasts
  An eye of draining (D:12)
  A hornet zombie (D:15)
  2 black bears
  11 ogres
  A boggart (Elf:1)
  5 phantoms
  6 centaurs
  2 necrophages
  5 small abominations (Abyss:3)
  13 wolves
  19 crocodiles
  12 earth elementals
  4 big kobolds
  A wyvern zombie (D:11)
  15 bullfrogs
  2 wyvern skeletons
  7 scorpions
  11 killer bees
  7 wights
  10 howler monkeys
  A bullfrog zombie (D:5)
  8 crimson imps
  3 jellies
  4 hounds
  9 orc priests
  2 bullfrog skeletons
  An iron imp (Abyss:3)
  3 iguanas
  18 orc wizards
  7 worker ants
  8 big kobold zombies (Ossuary)
  A hound zombie (D:5)
  A mummy (Ossuary)
  A howler monkey zombie (D:6)
  4 gnolls (Orc:2)
  13 adders
  A shadow imp (D:12)
  3 ufetubi (Abyss:3)
  2 adder zombies
  3 adder skeletons
  A worm (D:2)
  2 dart slugs
  8 leopard geckos
  84 orcs
  3 spectral bats (Ossuary)
  8 bats
  4 giant cockroaches
  6 goblins
  5 hobgoblins
  9 jackals
  18 kobolds
  4 quokkas
  4 ball pythons
  3 bat simulacra (Ossuary)
  10 frilled lizards
  4 gnoll zombies (Ossuary)
  4 goblin simulacra (Ossuary)
  8 goblin zombies (Ossuary)
  5 hobgoblin zombies (Ossuary)
  5 kobold simulacra (Ossuary)
  A kobold zombie (Ossuary)
  4 orc zombies (Ossuary)
  A quokka skeleton (D:4)
  9 rats
  3 rat simulacra (Ossuary)
  5 spectral goblins (Ossuary)
  6 spectral kobolds (Ossuary)
  3 spectral rats (Ossuary)
  3 butterflies
  9 fungi
  A lurking horror (Abyss:3)
  16 plants
  5 starspawn tentacles (Abyss:3)
  4 tentacles (Shoals:4)
1402 creatures vanquished.

Vanquished Creatures (collateral kills)
  3 nagarajas (Snake:4)
  A frost giant (Depths:1)
  An orc warlord (Orc:2)
  A deep elf annihilator (Elf:3)
  A deep elf death mage (Elf:3)
  5 hydras (Lair:6)
  2 naga warriors (Snake:4)
  5 naga sharpshooters
  2 orc high priests (Orc:2)
  A naga ritualist (Snake:4)
  2 orc knights (Orc:2)
  A deep elf mage (Elf:3)
  An orc sorcerer (Orc:2)
  A mana viper (Snake:4)
  A salamander (Snake:3)
  2 guardian serpents (Snake:4)
  A naga mage (Snake:4)
  2 black mambas (Snake:4)
  3 spiny frogs (Lair:6)
  A rime drake (Lair:6)
  A polar bear (Lair:6)
  A troll (Orc:2)
  2 hornets (Lair:6)
  2 hippogriffs (Lair:6)
  A blink frog (Lair:6)
  A snapping turtle (Shoals:1)
  A yak (Lair:6)
  2 wargs (Orc:2)
  6 nagas
  2 water moccasins (Lair:6)
  6 orc warriors (Orc:2)
  A gnoll sergeant (Orc:2)
  5 gnolls (Orc:2)
68 creatures vanquished.

Vanquished Creatures (others)
  A thrashing horror (Abyss:3)
  2 water elementals
  A wyvern (D:15)
  An orc wizard (D:5)
  17 fungi
  22 plants
  5 starspawn tentacles (Abyss:3)
  15 tentacles (Shoals:4)
  4 toadstools (D:1)
68 creatures vanquished.

Grand Total: 1538 creatures vanquished

Notes
Turn   | Place    | Note
-------+----------+-------------------------------------------
     0 | D:1      | Fang the Gargoyle Berserker began the quest for the Orb.
     0 | D:1      | Reached XP level 1. HP: 14/14 MP: 1/1
   136 | D:1      | Reached XP level 2. HP: 18/19 MP: 2/2
   393 | D:1      | Reached skill level 3 in Axes
   799 | D:2      | Reached XP level 3. HP: 21/24 MP: 3/3
  1036 | D:2      | Reached ** piety under Trog
  1041 | D:2      | Reached XP level 4. HP: 28/29 MP: 4/4
  1378 | D:2      | You fall through a shaft!
  1436 | D:3      | Reached XP level 5. HP: 32/33 MP: 5/5
  1438 | D:3      | Reached skill level 4 in Axes
  1586 | D:3      | Reached skill level 1 in Stealth
  1734 | D:3      | Reached XP level 6. HP: 12/39 MP: 6/6
  2298 | D:3      | Reached *** piety under Trog
  2613 | D:4      | Reached skill level 5 in Axes
  2875 | D:4      | Found a deep blue altar of Sif Muna.
  3042 | D:4      | Noticed a phantom
  3052 | D:4      | Killed a phantom
  3052 | D:4      | Reached XP level 7. HP: 44/44 MP: 7/7
  3361 | D:4      | Found Gaxt's Weapon Emporium.
  3642 | D:5      | Entered Level 5 of the Dungeon
  3742 | D:5      | Reached skill level 5 in Fighting
  3970 | D:5      | Found a burning altar of Makhleb.
  4058 | D:5      | Reached skill level 6 in Axes
  4482 | D:5      | Noticed Eustachio
  4533 | D:5      | Killed Eustachio
  4533 | D:5      | Reached XP level 8. HP: 11/50 MP: 8/8
  5279 | D:6      | Noticed Grinder
  5298 | D:6      | Killed Grinder
  5298 | D:6      | Reached skill level 7 in Axes
  5408 | D:6      | Found a sand-covered staircase.
  5423 | Ossuary  | Entered an ossuary
  5443 | Ossuary  | Reached **** piety under Trog
  5700 | Ossuary  | Received a gift from Trog
  5807 | Ossuary  | Reached ***** piety under Trog
  5824 | D:6      | Found an iron altar of Okawaru.
  6070 | D:6      | Reached skill level 8 in Axes
  6070 | D:6      | Reached XP level 9. HP: 43/55 MP: 9/9
  6496 | D:7      | Found a staircase to the Ecumenical Temple.
  6662 | Temple   | Entered the Ecumenical Temple
  6748 | D:7      | Reached skill level 9 in Axes
  6997 | D:8      | Received a gift from Trog
  7007 | D:8      | Got a twisted broad axe {god gift}
  7008 | D:8      | Identified the +3 broad axe "Houp" {chop, rPois Dex+3}
                  | (Trog gifted it to you on level 8 of the Dungeon)
  7086 | D:8      | Noticed a two-headed ogre
  7093 | D:8      | Killed a two-headed ogre
  7093 | D:8      | Reached skill level 10 in Axes
  7093 | D:8      | Reached XP level 10. HP: 48/63 MP: 10/10
  7098 | D:8      | Got a faintly glowing hand axe
  7099 | D:8      | Identified the +5 hand axe of Qazlal's Favour {freeze, MR+}
                  | (You found it on level 8 of the Dungeon)
  7288 | D:8      | Reached skill level 5 in Dodging
  7786 | D:9      | Gained mutation: Your body sometimes deteriorates upon
                  | taking damage. [potion of mutation]
  7786 | D:9      | Gained mutation: Scrolls take you a little longer to read.
                  | [potion of mutation]
  7786 | D:9      | Gained mutation: You are surrounded by a mild repulsion
                  | field. (EV +2) [potion of mutation]
  7786 | D:9      | Gained mutation: You are somewhat resistant to further
                  | mutation. [potion of mutation]
  7787 | D:9      | Lost mutation: Scrolls take you a little longer to read.
                  | [potion of mutation]
  7787 | D:9      | Gained mutation: Your body often deteriorates upon taking
                  | damage. [potion of mutation]
  7833 | D:9      | Noticed Joseph
  7849 | D:9      | Killed Joseph
  7849 | D:9      | Reached skill level 11 in Axes
  7972 | D:9      | Noticed Erica
  8006 | D:9      | Received a gift from Trog
  8021 | D:9      | Noticed Grum
  8032 | D:9      | Killed Grum
  8343 | D:9      | Killed Erica
  8343 | D:9      | Reached XP level 11. HP: 69/69 MP: 11/11
  8451 | D:9      | Found a staircase to the Lair.
  8537 | D:9      | Reached skill level 12 in Axes
  8786 | D:10     | Entered Level 10 of the Dungeon
  8869 | D:10     | Noticed a two-headed ogre
  8875 | D:10     | Killed a two-headed ogre
  8921 | D:10     | Reached skill level 5 in Armour
  9664 | D:11     | Noticed a manticore
  9670 | D:11     | Killed a manticore
 10156 | Lair:1   | Entered Level 1 of the Lair of Beasts
 10259 | Lair:1   | Found a runed door.
 10259 | Lair:1   | Noticed CowFu's ghost (journeyman TeFi)
 10390 | Lair:1   | Reached skill level 13 in Axes
 10393 | Lair:1   | Reached XP level 12. HP: 77/77 MP: 9/12
 10899 | Lair:2   | Received a gift from Trog
 11106 | Lair:2   | Reached skill level 10 in Fighting
 11919 | Lair:3   | Reached skill level 14 in Axes
 12205 | Lair:3   | Noticed Fannar
 12217 | Lair:3   | Killed Fannar
 12287 | Lair:3   | Found a staircase to the Shoals.
 12824 | Lair:4   | Found a staircase to the Snake Pit.
 13905 | Lair:5   | Found a frozen archway.
 13917 | Lair:5   | Found a staircase to the Slime Pits.
 13943 | Lair:5   | Reached skill level 15 in Axes
 13946 | Lair:5   | Received a gift from Trog
 13946 | Lair:5   | Reached XP level 13. HP: 81/83 MP: 13/13
 14672 | Lair:6   | Entered Level 6 of the Lair of Beasts
 14693 | Lair:6   | Found a labyrinth entrance.
 14759 | Lair:6   | HP: 2/84 [13-headed hydra (3)]
 15681 | Lair:6   | Reached skill level 16 in Axes
 15829 | Lair:6   | Received a gift from Trog
 16419 | D:12     | Found a staircase to the Orcish Mines.
 16705 | D:12     | Gained mutation: Your large and strong wings let you fly
                  | indefinitely. [Gargoyle growth]
 16705 | D:12     | Reached XP level 14. HP: 81/91 MP: 12/14
 16730 | D:12     | Noticed Rupert
 16747 | D:12     | Killed Rupert
 17174 | D:12     | Found Kewamm's Jewellery Boutique.
 17177 | D:12     | Bought the ring of the Briny Deep {Fire Str+3 Dex+3 SInv}
                  | for 683 gold pieces
 17241 | D:13     | Found a gate to the Vaults.
 17639 | D:13     | Reached skill level 17 in Axes
 17644 | D:13     | Noticed Snorg
 17662 | D:13     | Killed Snorg
 18222 | D:14     | Found a sparkling altar of Nemelex Xobeh.
 18337 | D:14     | Identified a scroll of acquirement
 18353 | D:14     | Got a twisted executioner's axe
 18354 | D:14     | Identified the +0 executioner's axe of Aclaargh {drain,
                  | +Rage rF- Str+3} (You acquired it on level 14 of the
                  | Dungeon)
 18545 | D:14     | Received a gift from Trog
 19156 | D:15     | Entered Level 15 of the Dungeon
 19168 | D:15     | Reached skill level 10 in Armour
 19370 | D:15     | Reached XP level 15. HP: 98/98 MP: 15/15
 20099 | D:15     | Found a staircase to the Depths.
 20099 | D:15     | Noticed a frost giant
 20105 | D:15     | Killed a frost giant
 20105 | D:15     | Reached skill level 18 in Axes
 20608 | Orc:1    | Entered Level 1 of the Orcish Mines
 20916 | Orc:2    | Entered Level 2 of the Orcish Mines
 20916 | Orc:2    | Found Ingeliti's General Store.
 21347 | Orc:2    | Found Weuv's Book Shoppe.
 21494 | Orc:2    | Noticed an orc warlord
 21520 | Orc:2    | Killed an orc warlord
 21937 | Orc:2    | Found Jocit's Antique Weapon Boutique.
 21962 | Orc:2    | Reached ****** piety under Trog
 21985 | Orc:2    | Received a gift from Trog
 22178 | Orc:2    | Found Ciqucvukh's Antique Armour Emporium.
 22329 | Orc:2    | Found a staircase to the Elven Halls.
 22973 | Elf:1    | Entered Level 1 of the Elven Halls
 23278 | Shoals:1 | Entered Level 1 of the Shoals
 23840 | Depths:1 | Entered Level 1 of the Depths
 24191 | Depths:1 | Found a one-way gate leading to the halls of Pandemonium.
 24205 | Depths:1 | Reached XP level 16. HP: 107/107 MP: 12/16
 24554 | Depths:1 | Received a gift from Trog
 24794 | Depths:1 | Noticed a lich
 24808 | Depths:1 | Killed a lich
 24905 | Depths:1 | Found a one-way gate to the infinite horrors of the Abyss.
 25257 | Depths:1 | Reached skill level 15 in Fighting
 25524 | Depths:1 | Found a gateway to Hell.
 26630 | Snake:1  | Entered Level 1 of the Snake Pit
 27318 | Snake:1  | Reached skill level 19 in Axes
 28322 | Snake:2  | Received a gift from Trog
 28698 | Snake:2  | Found Letwuj's Weapon Shop.
 28699 | Snake:2  | Found Felor's Jewellery Boutique.
 28699 | Snake:2  | Found Enoob's General Store.
 28715 | Snake:2  | Found Vaerphino's Antique Weapon Boutique.
 29183 | Snake:3  | Reached XP level 17. HP: 96/115 MP: 15/17
 30388 | Snake:3  | Noticed Vashnia
 30404 | Snake:3  | Killed Vashnia
 30923 | Snake:3  | Noticed Nikola
 30941 | Snake:3  | Killed Nikola
 31304 | Snake:4  | Entered Level 4 of the Snake Pit
 31939 | Snake:4  | Reached XP level 18. HP: 105/124 MP: 15/18
 32579 | Snake:4  | Reached skill level 15 in Armour
 32854 | Snake:4  | Reached skill level 20 in Axes
 33317 | Snake:4  | Found Cibreaw's Antique Armour Emporium.
 33438 | Snake:4  | Bought the +2 cloak of the Thief {+Fog Slay-2 SInv Stlth+}
                  | for 824 gold pieces
 33438 | Snake:4  | Found the +2 cloak of the Thief {+Fog Slay-2 SInv Stlth+}
 33671 | Snake:4  | Received a gift from Trog
 34469 | Snake:4  | Got a serpentine rune of Zot
 34883 | Shoals:1 | Reached XP level 19. HP: 120/131 MP: 19/19
 35415 | Shoals:1 | Found the +0 sword of Power
 35920 | Shoals:2 | Received a gift from Trog
 37690 | Shoals:3 | Noticed Polyphemus
 37697 | Shoals:3 | Noticed Ilsuiw
 38039 | Shoals:3 | Killed Polyphemus
 38401 | Shoals:3 | Killed Ilsuiw
 38718 | Shoals:3 | Identified the Incunabulum of Creative Execration
 39064 | Shoals:4 | Entered Level 4 of the Shoals
 39624 | Shoals:4 | Received a gift from Trog
 39682 | Shoals:4 | HP: 5/133 [merfolk impaler/trident of freezing (7)]
 40233 | Shoals:4 | Reached skill level 21 in Axes
 40620 | Shoals:4 | Reached XP level 20. HP: 123/140 MP: 17/20
 41119 | Shoals:4 | Got a barnacled rune of Zot
 41758 | Elf:1    | Found Juaseeto's Antique Armour Shoppe.
 41906 | Elf:1    | Found a radiant altar of Vehumet.
 41952 | Elf:1    | Received a gift from Trog
 43048 | Elf:2    | Got a faintly glowing battleaxe
 43049 | Elf:2    | Identified the +5 battleaxe of Causality {speed, +Rage
                  | rPois rC- MR+} (You acquired it on level 2 of the Elven
                  | Halls)
 43107 | Elf:2    | Found a runed gate.
 43107 | Elf:2    | Found a runed gate.
 43107 | Elf:2    | Found a runed gate.
 43354 | Elf:3    | Entered Level 3 of the Elven Halls
 43366 | Elf:3    | Received a gift from Trog
 43466 | Elf:3    | Found Loramise's Book Boutique.
 44114 | Elf:3    | Found Gycacias's Gadget Emporium.
 44118 | Elf:3    | Found Ceyzeud's Antique Weapon Emporium.
 44323 | Elf:3    | Received a gift from Trog
 44328 | Elf:3    | Reached XP level 21. HP: 148/148 MP: 17/21
 44698 | Elf:3    | Cast into level 3 of the Abyss (a deep elf demonologist)
 45129 | Abyss:3  | Received a gift from Trog
 45410 | Abyss:3  | Reached skill level 22 in Axes
 45903 | Abyss:3  | Annihilated by a white very ugly thing

Skill      XL: |  1  2  3  4  5  6  7  8  9 10 11 12 13 14 15 16 17 18 19 20 21 |
---------------+----------------------------------------------------------------+-----
Axes           | 3 4 5 6 8 10 11 13 15 16 17 18 19 20 21 22 | 22.1
Fighting       | 4 5 6 7 8 9 10 11 13 14 15 17 18 19 20 21 | 21.5
Dodging        | 2 3 4 5 6 |  6.0
Stealth        | 1 2 3 4 |  4.5
Armour         | 4 6 7 9 10 11 13 14 15 16 17 18 | 18.0

Action                   |  1- 3 |  4- 6 |  7- 9 | 10-12 | 13-15 | 16-18 | 19-21 || total
-------------------------+-------+-------+-------+-------+-------+-------+-------++-------
Melee: Hand axe          |   118 |    91 |       |    50 |   156 |       |       ||   415
       War axe           |       |    67 |   475 |       |       |       |       ||   542
       Broad axe         |       |       |     9 |   617 |   818 |  1157 |   899 ||  3500
       Executioner's axe |       |       |       |       |    46 |       |       ||    46
       Battleaxe         |       |       |       |       |       |       |   680 ||   680
Invok: Berserk           |       |     4 |     5 |     6 |     8 |    12 |     7 ||    42
       Brothers in Arms  |       |       |       |       |     9 |    11 |     1 ||    21
 Abil: Fly               |       |       |       |       |     1 |       |       ||     1
  Use: Potion            |       |       |     8 |     2 |     4 |     4 |    10 ||    28
       Scroll            |       |       |    16 |    17 |     7 |     2 |    14 ||    56
 Stab: Sleeping          |       |     3 |     8 |       |       |       |       ||    11
       Invisible         |       |       |     3 |       |       |       |       ||     3
       Distracted        |       |       |       |       |       |       |     1 ||     1
  Eat: Chunk             |       |     9 |    11 |    23 |    27 |    11 |    28 ||   109
       Ration            |       |       |     2 |     2 |     5 |    12 |     4 ||    25
Armor: Animal skin       |    33 |    45 |   247 |       |       |       |       ||   325
       Skin              |       |       |    56 |       |       |       |       ||    56
       Plate armour      |       |       |     5 |   430 |   816 |   848 |  1206 ||  3305
Dodge: Dodged            |    89 |    82 |   369 |   374 |   607 |   604 |   836 ||  2961
Block: Other             |     3 |    12 |     7 |       |       |       |       ||    22
